 Dungeon Crawl Stone Soup version 0.26-a0-259-g1effd001a9 (webtiles) character file.

Game seed: 10439500837687545732

4905 drasked the Grappler (level 10, -6/100 HPs)
             Began as a Troll Monk on July 26, 2020.
             Mangled by a hippogriff (7 damage)
             ... on level 1 of the Lair of Beasts.
             The game lasted 00:13:01 (7670 turns).

drasked the Grappler (Troll Monk)                   Turns: 7670, Time: 00:13:02

Health: -6/100     AC:  8    Str: 21    XL:     10   Next: 27%
Magic:  9/9        EV: 14    Int:  6    God:
Gold:   303        SH:  0    Dex: 15    Spells: 9/9 levels left

rFire    . . .     SeeInvis .     - Unarmed
rCold    . . .     Faith    .   (no shield)
rNeg     . . .     Spirit   .   a - +0 robe
rPois    .         Reflect  .   (helmet restricted)
rElec    .         Harm     .   v - +1 cloak
rCorr    .                      (gloves unavailable)
MR       .....                  (boots unavailable)
Stlth    ++........             u - amulet of magic regeneration
HPRegen  0.66/turn              W - ring of wizardry {Wiz+, !dWiz+}
MPRegen  0.36/turn              (no ring)

@: lethally poisoned (-6 -> -6)
A: large, unfitting armour, claws 3, fast metabolism 1, regeneration 1, shaggy
fur 1, tough skin 3
a: no special abilities


You were on level 1 of the Lair of Beasts.
You were not hungry.

You visited 3 branches of the dungeon, and saw 11 of its levels.

You collected 303 gold pieces.

Inventory:

Missiles
 k - 3 atropa-tipped darts (quivered)
 r - 10 poisoned darts
 x - 8 curare-tipped darts
 Q - 207 stones
Armour
 a - a +0 robe (worn)
 v - a +1 cloak (worn)
   (You found it on level 4 of the Dungeon)
 y - a +2 tower shield
   (You found it on level 7 of the Dungeon)
Jewellery
 u - an amulet of magic regeneration (around neck)
   (You found it on level 6 of the Dungeon)
 W - a ring of wizardry (left claw) {Wiz+, !dWiz+}
   (You found it on level 3 of the Dungeon)
Wands
 A - a wand of iceblast (5)
   (You found it on level 6 of the Dungeon)
Scrolls
 b - 2 scrolls of immolation {!r!r}
 c - a scroll of enchant weapon {unknown}
 f - a scroll of magic mapping {!r!r}
 i - a scroll of identify
 j - a scroll of enchant armour
 m - a scroll of amnesia {unknown}
 p - a scroll of noise {unknown}
 t - 4 scrolls of teleportation
 w - 6 scrolls of remove curse
 z - a scroll of fog {unknown}
Potions
 d - a potion of might
 g - 2 potions of stabbing
 h - 2 potions of haste
 n - 3 potions of resistance
 o - a potion of cancellation
 q - 3 potions of curing
 s - 2 potions of mutation {!q!q}
 B - 2 potions of brilliance
Comestibles
 e - 19 rations


   Skills:
 + Level 6.8 Fighting
 + Level 6.9 Dodging
 - Level 1.0 Stealth
 * Level 11.0 Unarmed Combat


You had 9 spell levels left.
You didn't know any spells.
Your spell library contained the following spells:

 Spells                   Type           Power        Failure   Level
 Infusion                 Chrm           #...         21%         1
 Magic Dart               Conj           #...         21%         1
 Blink                    Tloc           N/A          28%         2
 Call Imp                 Summ           #.......     28%         2
 Shroud of Golubria       Chrm/Tloc      #.....       28%         2
 Slow                     Hex            #.......     28%         2
 Song of Slaying          Chrm           #.......     28%         2
 Conjure Flame            Conj/Fire      #.......     50%         3
 Mephitic Cloud           Conj/Pois/Air  #.......     50%         3
 Ozocubu's Armour         Chrm/Ice       #.......     50%         3
 Spectral Weapon          Hex/Chrm       #.......     50%         3


Dungeon Overview and Level Annotations

Branches:
Dungeon (9/15)             Temple (1/1) D:5            Lair (1/6) D:8
    Orc: D:9-12

Altars:
Ashenzari
Cheibriados
Dithmenos
Elyvilon
Fedhas
Gozag
Hepliaklqana
Kikubaaqudgha
Makhleb
Nemelex Xobeh
Okawaru
Qazlal
Ru
Sif Muna
Trog
Uskayaw
Vehumet
Wu Jian
Xom
Yredelemnul
Zin
The Shining One


Innate Abilities, Weirdness & Mutations

You are too large for most types of armour.
You have claws for hands.
You have a fast metabolism.
Your natural rate of healing is unusually fast.
You are covered in fur. (AC +1)
You have extremely tough skin. (AC +3)


Message History

The four-headed hydra bites you but does no damage.
The mass of ice explodes!
The iceblast engulfs the four-headed hydra!!
You kill the four-headed hydra!
A yak comes into view.
A yak comes into view. x2
A hippogriff comes into view.
A yak comes into view.
You climb upwards.
Welcome back to the Dungeon!
There is a staircase to the Lair here.
You start resting.
You eat one of the 20 rations.
That ration really hit the spot!
You climb downwards.
Welcome back to the Lair of Beasts!
You hear a distant snort.
Hark!
There is a gateway to a gauntlet on this level.
Find the entrance quickly before the gate is sealed!
You hear the loud beating of a very distant drum.
A water moccasin comes into view.
The yak bellows!
The hippogriff screeches!
The yak misses you. The yak gores you! The yak gores you. x2
The yak gores you! The yak completely misses you. The yak gores you!
* * * LOW HITPOINT WARNING * * *
There is a staircase back to the Dungeon, spattered with blood here.
The yak gores you!
* * * LOW HITPOINT WARNING * * *
The yak gores you!
* * * LOW HITPOINT WARNING * * *
The yak closely misses you. The yak gores you!
* * * LOW HITPOINT WARNING * * *
The yak completely misses you.
You climb upwards.
Welcome back to the Dungeon!
There is a staircase to the Lair here.
You claw the yak! The yak gores you!!
* * * LOW HITPOINT WARNING * * *
You scratch the yak but do no damage. The yak gores you.
* * * LOW HITPOINT WARNING * * *
You feel much better. The yak gores you.
* * * LOW HITPOINT WARNING * * *
You scratch the yak. You claw the yak! The yak gores you!
* * * LOW HITPOINT WARNING * * *
You feel much better. The yak gores you!
* * * LOW HITPOINT WARNING * * *
You scratch the yak. The yak gores you.
* * * LOW HITPOINT WARNING * * *
You scratch the yak. You claw the yak.
You kill the yak!
Your Unarmed Combat skill increases to level 11!
You climb downwards.
Welcome back to the Lair of Beasts!
You hear a distant snort.
Hark!
There is a gateway to a gauntlet on this level.
Find the entrance quickly before the gate is sealed!
The water moccasin bites you!
* * * LOW HITPOINT WARNING * * *
You are poisoned.
The water moccasin poisons you! The hippogriff barely misses you.
The hippogriff closely misses you.
The hippogriff claws you but does no damage.
The water moccasin barely misses you.
There is a staircase back to the Dungeon, spattered with blood here.
You scratch the hippogriff.
You feel sick. The water moccasin closely misses you. The hippogriff bites you.
* * * LOW HITPOINT WARNING * * *
The hippogriff pecks you but does no damage.
The hippogriff claws you but does no damage.
You feel better. The water moccasin bites you.
* * * LOW HITPOINT WARNING * * *
You are poisoned.
The water moccasin poisons you!
The hippogriff bites you but does no damage.
The hippogriff barely misses you. The hippogriff closely misses you.
The water moccasin bites you but does no damage.
You scratch the water moccasin.
You feel sick. The hippogriff closely misses you. The hippogriff pecks you!
* * * LOW HITPOINT WARNING * * *
The hippogriff closely misses you. The water moccasin bites you.
* * * LOW HITPOINT WARNING * * *
You feel much better.
You feel sick. The water moccasin bites you!
* * * LOW HITPOINT WARNING * * *
The hippogriff bites you but does no damage.
The hippogriff pecks you.
* * * LOW HITPOINT WARNING * * *
The hippogriff claws you!
* * * LOW HITPOINT WARNING * * *
You claw the water moccasin!
The water moccasin bites you but does no damage.
The hippogriff bites you but does no damage.
The hippogriff pecks you but does no damage.
The hippogriff barely misses you.
You scratch the water moccasin but do no damage.
You feel sick.
The water moccasin bites you but does no damage.
You closely miss the water moccasin. The water moccasin bites you.
* * * LOW HITPOINT WARNING * * *
The hippogriff closely misses you. The hippogriff pecks you!
* * * LOW HITPOINT WARNING * * *
The hippogriff closely misses you.
You mangle the water moccasin!!
You kill the water moccasin!
* * * LOW HITPOINT WARNING * * *
You feel sick. The hippogriff misses you. The hippogriff barely misses you.
The hippogriff claws you!
You die...

#######.####
...........##
............ .
...........##..
...............
...............
...............
.$.%...@H......
........†......
...............
...............
....#..##......
......# .#..##
...... #.....
...... .....


You could see a hippogriff.

Levels and vault maps discovered:
D:1:      shiori_arrival_elements, layout_basic
D:2:      layout_rooms, amethyst_overflow_temple_binary, tso_oasis_becter,
          elyvilon_altar_1, overflow_temple_1_default, kennysheep_nub,
          uniq_crazy_yiuf_cottage
D:3:      layout_loops_ring, overflow_temple_1_default,
          lemuel_zombie_altar_yredelemnul, goddamned_bats
D:4:      layout_loops_corners, kennysheep_little_box,
          eat_drink_and_be_merry_uskayaw, first_ration, uniq_edmund,
          uniq_blork_the_orc, uniq_natasha
D:5:      layout_basic, minmay_temple_entry_hall, dk_noncrumbling_3, uniq_pikel
D:6:      layout_loops_cross, okawaru_gym_becter, marbit_many_paths,
          nicolae_gozag_cash_rules_everything_around_me
D:7:      wander_river, layout_loops_ring, uniq_duvessa
D:8:      layout_basic, lemuel_crystal_altar, nicolae_ru_sacrificial_ziggurat,
          lair_entry_dummy, uniq_maggie, uniq_joseph
D:9:      layout_roguey, grunt_livestock, minmay_hollow_rounded_squares
Temple:   jpeg_temple_island
Lair:1:   layout_hall_layers, gauntlet_entry_generic

Notes
Turn   | Place    | Note
-------+----------+-------------------------------------------
     0 | D:1      | drasked the Troll Monk began the quest for the Orb.
     0 | D:1      | Reached XP level 1. HP: 22/22 MP: 0/0
    71 | D:1      | Reached XP level 2. HP: 29/29 MP: 1/1
    83 | D:1      | Identified a +0 club
    97 | D:1      | Identified a +0 club
    98 | D:1      | Identified a +0 dagger
    99 | D:1      | Identified a +0 club
   107 | D:1      | Identified a +0 club
   171 | D:1      | Identified a cursed -2 club
   183 | D:1      | Reached XP level 3. HP: 36/36 MP: 2/2
   193 | D:1      | Identified a +0 club
   374 | D:1      | Identified a +0 club
   436 | D:1      | Identified a +0 dagger
   507 | D:1      | Identified a +0 club
   728 | D:2      | Reached skill level 4 in Unarmed Combat
   728 | D:2      | Reached XP level 4. HP: 38/44 MP: 3/3
   786 | D:2      | Identified a +0 club
   818 | D:2      | Reached skill level 3 in Dodging
   820 | D:2      | Identified a +0 club
   861 | D:2      | Found a white marble altar of Elyvilon.
   875 | D:2      | Identified a +0 club
   896 | D:2      | Reached skill level 3 in Fighting
   970 | D:2      | Identified a +0 dagger
   970 | D:2      | Identified a +0 ring mail of fire resistance
  1059 | D:2      | Found a radiant altar of Vehumet.
  1067 | D:2      | Found a burning altar of Makhleb.
  1148 | D:2      | Found a sparkling altar of Nemelex Xobeh.
  1240 | D:2      | Found a glowing golden altar of the Shining One.
  1364 | D:2      | Found a runed translucent door.
  1365 | D:2      | Identified a +2 quarterstaff of chaos
  1365 | D:2      | Identified a +0 cloak
  1365 | D:2      | Noticed Crazy Yiuf
  1378 | D:2      | Killed Crazy Yiuf
  1378 | D:2      | Reached XP level 5. HP: 35/53 MP: 4/4
  1626 | D:3      | Identified a +0 club
  1706 | D:3      | Identified a +0 club
  1755 | D:3      | Found an ancient bone altar of Kikubaaqudgha.
  1869 | D:3      | Reached skill level 5 in Unarmed Combat
  1920 | D:3      | Reached XP level 6. HP: 60/61 MP: 5/5
  2218 | D:3      | Identified a +0 club
  2276 | D:3      | Identified a +0 club
  2276 | D:3      | Identified a +0 chain mail
  2355 | D:3      | Found a basalt altar of Yredelemnul.
  2664 | D:4      | Found a blossoming altar of Fedhas.
  2671 | D:4      | Identified a +0 dire flail of distortion
  2671 | D:4      | Identified a +0 scale mail
  2671 | D:4      | Noticed Edmund
  2677 | D:4      | Killed Edmund
  2836 | D:4      | Found a hide-covered altar of Uskayaw.
  2859 | D:4      | Identified a +0 cloak (You found it on level 4 of the
                  | Dungeon)
  2860 | D:4      | Identified a ring of wizardry (You found it on level 3 of
                  | the Dungeon)
  2861 | D:4      | Identified a ring of strength (You found it on level 1 of
                  | the Dungeon)
  2862 | D:4      | Identified 5 scrolls of identify
  2862 | D:4      | Identified 2 potions of resistance
  2863 | D:4      | Identified 2 scrolls of magic mapping
  2864 | D:4      | Identified 2 scrolls of teleportation
  2865 | D:4      | Identified 2 scrolls of immolation
  2866 | D:4      | Identified a scroll of blinking
  2867 | D:4      | Identified a scroll of remove curse
  3011 | D:4      | Identified a +0 battleaxe
  3011 | D:4      | Identified a cursed +0 robe
  3011 | D:4      | Noticed Blork the orc
  3172 | D:4      | Noticed Natasha
  3179 | D:4      | Killed Natasha
  3179 | D:4      | Reached skill level 6 in Unarmed Combat
  3241 | D:4      | Reached XP level 7. HP: 64/68 MP: 6/6
  3554 | D:4      | Noticed Natasha
  3562 | D:4      | Killed Natasha
  3623 | D:4      | Killed Blork the orc
  3623 | D:4      | Reached skill level 4 in Fighting
  3623 | D:4      | Reached skill level 4 in Dodging
  3646 | D:4      | Identified a potion of degeneration
  3647 | D:4      | Identified a potion of heal wounds
  3648 | D:4      | Identified a potion of stabbing
  3649 | D:4      | Identified a potion of mutation
  3660 | D:5      | Entered Level 5 of the Dungeon
  3672 | D:5      | Identified a +0 giant club
  3867 | D:5      | Identified a +0 giant spiked club
  3873 | D:5      | Reached skill level 7 in Unarmed Combat
  3912 | D:5      | Reached XP level 8. HP: 77/79 MP: 7/7
  3980 | D:5      | Identified a +0 giant club
  4060 | D:5      | Identified a +0 dagger
  4060 | D:5      | Identified a +0 robe
  4060 | D:5      | Identified a +0 short sword of speed
  4064 | D:5      | Identified a +0 flail
  4064 | D:5      | Identified a +0 falchion
  4064 | D:5      | Identified a +3 chain mail
  4066 | D:5      | Identified a +0 flail
  4113 | D:5      | Found a staircase to the Ecumenical Temple.
  4119 | Temple   | Entered the Ecumenical Temple
  4589 | D:5      | Identified a +0 dagger
  4589 | D:5      | Identified a +0 robe
  4589 | D:5      | Identified a +0 hand axe
  4589 | D:5      | Identified a +0 leather armour
  4590 | D:5      | Identified a cursed -3 short sword
  4601 | D:5      | Identified a +0 falchion
  4675 | D:5      | Identified a +1 whip of freezing
  4675 | D:5      | Identified a +0 robe
  4675 | D:5      | Noticed Pikel
  4699 | D:5      | Killed Pikel
  4699 | D:5      | Reached skill level 5 in Fighting
  4699 | D:5      | Reached skill level 5 in Dodging
  4699 | D:5      | Reached skill level 8 in Unarmed Combat
  4794 | D:5      | Identified 2 scrolls of enchant armour
  4795 | D:5      | Identified 2 scrolls of random uselessness
  4820 | D:6      | You fall into a shaft and drop 2 floors!
  4820 | D:8      | Found a sacrificial altar of Ru.
  4820 | D:8      | Identified a +0 short sword
  4820 | D:8      | Identified a +0 short sword
  4821 | D:8      | Identified a +0 whip
  4821 | D:8      | Identified a +0 whip
  4821 | D:8      | Identified a +0 trident
  4821 | D:8      | Identified a cursed +0 leather armour
  4821 | D:8      | Identified a +0 club
  4821 | D:8      | Identified a +0 dagger
  4821 | D:8      | Identified a cursed +0 robe
  4825 | D:8      | Identified a +0 quarterstaff
  4825 | D:8      | Identified a +0 hunting sling
  4825 | D:8      | Identified a cursed -1 leather armour
  4825 | D:8      | Noticed Joseph
  4919 | D:8      | Identified a +0 morningstar
  4919 | D:8      | Identified +0 steam dragon scales
  4919 | D:8      | Noticed Maggie
  4924 | D:8      | Identified a +0 dagger
  4932 | D:7      | Reached XP level 9. HP: 61/88 MP: 8/8
  5111 | D:6      | Reached skill level 9 in Unarmed Combat
  5346 | D:6      | Found an opulent altar of Gozag.
  5564 | D:6      | Found a hazy altar of Hepliaklqana.
  5564 | D:6      | Identified a +0 battleaxe
  5564 | D:6      | Identified a +0 robe
  5664 | D:6      | Found an iron altar of Okawaru.
  5782 | D:6      | Identified an uncursed amulet of magic regeneration (You
                  | found it on level 6 of the Dungeon)
  5880 | D:6      | Identified a +2 tower shield (You found it on level 7 of
                  | the Dungeon)
  5888 | D:6      | Identified a potion of haste
  5953 | D:7      | Identified a +0 short sword
  5953 | D:7      | Identified a +0 chain mail
  5953 | D:7      | Noticed Duvessa
  5956 | D:7      | Identified a +2 dagger of draining
  5956 | D:7      | Identified a +0 robe
  5956 | D:7      | Noticed Dowan
  5972 | D:7      | Killed Duvessa
  5973 | D:7      | Killed Dowan
  6234 | D:7      | Reached skill level 6 in Dodging
  6244 | D:7      | Reached skill level 6 in Fighting
  6254 | D:7      | HP: 19/89 [killer bee (4)]
  6598 | D:8      | Reached skill level 10 in Unarmed Combat
  6607 | D:8      | HP: 18/89 [bullfrog (6)]
  6609 | D:8      | Killed Joseph
  6613 | D:8      | HP: 15/89 [bullfrog (5)]
  6746 | D:8      | Identified a +0 dagger
  6749 | D:8      | Identified a +0 mace
  6749 | D:8      | Identified a +0 chain mail
  6750 | D:8      | Identified a cursed -2 flail
  6754 | D:8      | Identified a +0 dagger
  6754 | D:8      | Identified a +0 robe
  6807 | D:8      | Killed Maggie
  6807 | D:8      | Reached XP level 10. HP: 90/100 MP: 9/9
  6841 | D:8      | Found a shattered altar of Ashenzari.
  6857 | D:8      | Identified a +0 chain mail
  6859 | D:8      | Identified a +0 falchion
  6860 | D:8      | Identified a +1 flail of protection
  7262 | D:8      | Identified a cursed -2 whip
  7262 | D:8      | Identified a +0 whip
  7263 | D:8      | Identified a +0 halberd
  7367 | D:8      | Found a staircase to the Lair.
  7477 | D:8      | Identified 2 potions of brilliance
  7478 | D:8      | Identified a potion of might
  7479 | D:8      | Identified a potion of cancellation
  7558 | Lair:1   | Entered Level 1 of the Lair of Beasts
  7558 | Lair:1   | Noticed a four-headed hydra
  7568 | Lair:1   | Killed a four-headed hydra
  7651 | Lair:1   | HP: 24/100 [yak (10)]
  7653 | D:8      | HP: 8/100 [yak (18)]
  7658 | D:8      | HP: 21/100 [yak (8)]
  7660 | D:8      | Reached skill level 11 in Unarmed Combat
  7663 | Lair:1   | HP: 13/100 [poisoned by a water moccasin]
  7665 | Lair:1   | HP: 5/100 [water moccasin (4)]
  7669 | Lair:1   | HP: 1/100 [hippogriff (7)]
  7670 | Lair:1   | Mangled by a hippogriff

Table legend:
 A = Turns spent in this place as a percentage of turns spent in the entire game.
 B = Non-inter-level travel turns spent in this place as a percentage of non-inter-level travel turns spent in the entire game.
 C = Inter-level travel turns spent in this place as a percentage of turns spent in this place.
 D = Turns resting spent in this place as a percentage of non-inter-level travel turns spent in this place.
 E = Turns spent auto-exploring this place as a percentage of non-inter-level travel turns spent in this place.
 F = Non-inter-level travel turns spent in this place divided by the number of levels of this place that you've seen.
                   A       B       C       D       E      F
               +-------+-------+-------+-------+-------+----------------------
         Total | 100.0 | 100.0 |   3.3 |  10.8 |  70.2 | 674.3
       Dungeon |  97.0 |  97.1 |   3.2 |  11.1 |  69.6 | 800.0
        Temple |   2.7 |   2.6 |   7.1 |   0.0 |  99.0 | 195.0
          Lair |   0.3 |   0.3 |   0.0 |   0.0 |   0.0 |  22.0
               +-------+-------+-------+-------+-------+----------------------

Table legend:
 A = Kills in this place as a percentage of kills in entire the game.
 B = Kills by you in this place as a percentage of kills by you in the entire game.
 C = Kills by friends in this place as a percentage of kills by friends in the entire game.
 D = Other kills in this place as a percentage of other kills in the entire game.
 E = Experience gained in this place as a percentage of experience gained in the entire game.
 F = Experience gained in this place divided by the number of levels of this place that you have seen.
                   A       B       C       D       E      F
               +-------+-------+-------+-------+-------+----------------------
         Total | 100.0 | 100.0 |   N/A |   N/A | 100.0 | 637.1
       Dungeon |  98.9 |  98.9 |   N/A |   N/A |  85.1 | 662.7
          Lair |   1.1 |   1.1 |   N/A |   N/A |  14.9 | 1044.0
               +-------+-------+-------+-------+-------+----------------------

Skill      XL: |  1  2  3  4  5  6  7  8  9 10 |
---------------+-------------------------------+-----
Unarmed Combat | 4 5 6 7 8 10 11 | 11.0
Dodging        | 3 4 5 6 |  6.9
Fighting       | 3 4 5 6 |  6.8
Stealth        | |  1.0

Action                   |  1- 3 |  4- 6 |  7- 9 | 10-12 || total
-------------------------+-------+-------+-------+-------++-------
Melee: Unarmed           |    69 |   143 |   268 |    48 ||   528
       Punch             |     1 |     3 |    13 |     2 ||    19
Throw: Stone             |    32 |   120 |       |       ||   152
       Boomerang         |       |    14 |    51 |       ||    65
       Dart              |       |       |    52 |    20 ||    72
Evoke: Wand              |       |       |       |     6 ||     6
  Use: Scroll            |       |     6 |     8 |     3 ||    17
       Potion            |       |       |     1 |     4 ||     5
 Stab: Sleeping          |     2 |       |     1 |       ||     3
       Distracted        |       |       |       |     1 ||     1
       Invisible         |       |       |       |     1 ||     1
  Eat: Ration            |       |     3 |     5 |     1 ||     9
Armor: Robe              |    11 |    78 |    72 |    17 ||   178
Dodge: Dodged            |    32 |   105 |   153 |    42 ||   332

Vanquished Creatures
  A hydra (Lair:1)
  Pikel (D:5)
  Joseph (D:8)
  Maggie (D:8)
  A yak (D:8)
  Edmund (D:4)
  Duvessa (D:7)
  A water moccasin (Lair:1)
  3 ice beasts
  A sky beast (D:6)
  3 ogres (D:5)
  A necrophage (D:8)
  A phantom (D:5)
  2 lemures (D:5)
  Blork the orc (D:4)
  A big kobold (D:8)
  5 bullfrogs
  Dowan (D:7)
  3 scorpions
  5 killer bees (D:7)
  A wight (D:6)
  A vampire bat (D:3)
  A bullfrog zombie (D:6)
  3 hounds
  2 quasits
  Crazy Yiuf (D:2)
  2 jellies
  An orc priest (D:8)
  4 orc wizards
  An iguana (D:5)
  Natasha (twice) (D:4)
  7 worker ants
  A hound zombie (D:5)
  2 worker ant zombies
  4 gnolls (D:8)
  6 adders
  4 white imps (D:5)
  An ooze (D:1)
  An adder skeleton (D:4)
  4 worms
  4 dart slugs (D:1)
  3 fire bats (D:3)
  6 leopard geckos
  18 orcs
  2 spectral bats (D:3)
  3 bat skeletons (D:3)
  A bat zombie (D:3)
  3 giant cockroaches
  10 goblins
  6 hobgoblins
  4 jackals (D:1)
  4 quokkas
  13 bats
  A bat simulacrum (D:3)
  4 frilled lizards
  2 gnoll zombies (D:3)
  A jackal zombie (D:6)
  12 kobolds
  A leopard gecko zombie (D:8)
  A quokka skeleton (D:6)
  6 rats
189 creatures vanquished.

Vanquished Creatures (others)
  An orc (D:8)
1 creature vanquished.

Grand Total: 190 creatures vanquished
